 Dungeon Crawl Stone Soup version 0.28-a0-476-g0f06bd746f (webtiles) character file.

Game seed: 13570599998445704706

593 bande the Covered (level 7, 0/44 HPs)
             Began as a Gargoyle Fighter on Sept 16, 2021.
             Slain by a two-headed ogre (4 damage)
             ... on level 5 of the Dungeon.
             The game lasted 00:10:49 (5544 turns).

bande the Covered (Gargoyle Fighter)                Turns: 5544, Time: 00:10:50

Health: 0/44       AC: 19    Str: 21    XL:     7   Next: 39%
Magic:  2/2        EV:  7    Int:  8    God:
Gold:   952        SH:  9    Dex: 10    Spells: 6/6 levels left

rFire   . . .      SeeInvis .   b - +4 broad axe (antimagic)
rCold   + . .      Faith    .   c - +0 buckler
rNeg    + . .      Spirit   .   r - +0 chain mail
rPois   ∞          Reflect  +   p - +0 helmet
rElec   +          Harm     .   (no cloak)
rCorr   .          Rampage  .   (no gloves)
Will    .....                   x - +2 pair of boots
Stlth   ..........              f - amulet of reflection
HPRegen 0.14/turn               i - ring of protection from cold
MPRegen 0.08/turn               (no ring)

@: no status effects
A: sickness immunity, AC +4, negative energy resistance 1, electricity
resistance, torment resistance 1, petrification resistance
a: no special abilities


You were on level 5 of the Dungeon.
You visited 1 branch of the dungeon, and saw 5 of its levels.

You collected 1169 gold pieces.
You spent 217 gold pieces at shops.

Inventory:

Hand Weapons
 a - a +0 war axe
 b - a +4 antimagic broad axe (weapon)
 q - a +0 flail
Armour
 c - a +0 buckler (worn)
 p - a +0 helmet (worn)
 r - a +0 chain mail (worn)
 x - a +2 pair of boots (worn)
Jewellery
 f - an amulet of reflection (around neck)
 g - a ring of flight
 i - a ring of protection from cold (left hand)
Wands
 t - a wand of polymorph (10)
Scrolls
 h - a scroll of amnesia
 j - a scroll of magic mapping
 l - 2 scrolls of teleportation
 v - 2 scrolls of identify {unknown}
 w - a scroll of blinking {unknown}
Potions
 d - 2 potions of might
 e - 3 potions of curing {unknown}
 k - a potion of flight {unknown}
 m - 2 potions of haste {unknown}
 n - a potion of invisibility {unknown}
 o - a potion of heal wounds {unknown}
 s - a potion of lignification {unknown}
 u - a potion of degeneration {unknown}


   Skills:
 + Level 4.4 Fighting
 + Level 4.8 Axes
 + Level 5.3 Armour
 + Level 4.8 Shields
 * Level 0.4 Evocations


You had 6 spell levels left.
You didn't know any spells.
Your spell library contained the following spells:

 Spells                   Type           Power      Damage    Failure   Level
 Shock                    Conj/Air       0%         1d3       98%         1
 Static Discharge         Conj/Air       0%         N/A       99%         2
 Ozocubu's Armour         Ice            0%         N/A       100%        3
 Swiftness                Air            0%         N/A       100%        3
 Airstrike                Air            0%         N/A       100%        4
 Lightning Bolt           Conj/Air       0%         1d11      100%        5
 Ozocubu's Refrigeration  Ice            0%         4d5       100%        7
 Maxwell's Capacitive Co  Air            0%         ∞         100%        8


Dungeon Overview and Level Annotations

Branches:
Dungeon (5/15)
 Temple: D:4-7

Altars:
Cheibriados
Elyvilon
Fedhas
Sif Muna
Wu Jian
Xom

Shops:
D:1 (   D:4 (   D:5 *

Annotations:
D:4 exclusion: oklob plant


Innate Abilities, Weirdness & Mutations

You are immune to sickness and miasma.
Your stone body is resilient. (AC +4)
You are immune to poison.
You resist negative energy. (rN+)
You are resistant to electric shocks. (rElec)
You are resistant to unholy torment.
You are immune to petrification.


Message History

You block the wyvern's attack.
You slash the wyvern!
The wyvern is severely wounded.
The wyvern bites you but does no damage.
The wyvern closely misses you.
You slash the wyvern!
You kill the wyvern!
You have reached level 7!
You see here a wyvern corpse.
A phantom comes into view.
A phantom is nearby!
Found an escape hatch in the floor.
Found a hand axe.
A two-headed ogre comes into view.
It is wielding two +0 giant spiked clubs.
Found a stone staircase leading down.
The two-headed ogre shouts in stereo!
The phantom hits you.
You hit the phantom.
The phantom is lightly damaged.
The phantom hits you.
A scorpion zombie comes into view.
You block the phantom's attack.
You slash the phantom!
The phantom is heavily damaged.
You block the phantom's attack.
You closely miss the phantom.
The phantom is heavily damaged.
The phantom hits you.
You slash the phantom!
You destroy the phantom!
You slash the two-headed ogre!
The two-headed ogre is lightly wounded.
The two-headed ogre hits you with a +0 giant spiked club!!
Ouch! That really hurt!
* * * LOW HITPOINT WARNING * * *
The two-headed ogre hits you with a +0 giant spiked club.
* * * LOW HITPOINT WARNING * * *
The two-headed ogre closely misses you.
The two-headed ogre hits you with a +0 giant spiked club.
You die...

..........####
............)#..
.............>..
...............###
.........!.≈.≈.#.##
..........≈≈.≈≈....
#...>.ZO..≈≈∩≈≈...#
#@..≈≈≈≈≈...#
##...≈≈≈....##
##..........#
##.........#
##......######
##......##)..#
###....†..#....#
#......##.##...#
#...###..#..#..##


You could see a two-headed ogre and a scorpion zombie.

Vanquished Creatures
  A wyvern (D:5)
  A centaur (D:5)
  A phantom (D:5)
  A water moccasin skeleton (D:5)
  An orc priest (D:3)
  A jelly (D:5)
  An orc wizard (D:4)
  A hound skeleton (D:4)
  3 gnolls (D:4)
  4 adders
  An ufetubus (D:5)
  An adder skeleton (D:2)
  2 worms
  6 orcs
  6 endoplasms
  A giant cockroach (D:3)
  15 goblins
  9 hobgoblins
  3 jackals (D:1)
  3 quokkas
  7 ball pythons
  2 bats
  4 frilled lizards
  5 kobolds
  A rat (D:1)
81 creatures vanquished.

Notes
Turn   | Place    | Note
-------+----------+-------------------------------------------
     0 | D:1      | bande the Gargoyle Fighter began the quest for the Orb.
     0 | D:1      | Reached XP level 1. HP: 14/14 MP: 1/1
   228 | D:1      | Found a faded altar of an unknown god.
   239 | D:1      | Reached XP level 2. HP: 19/19 MP: 2/2
   564 | D:1      | Found Epeeps's Antique Weapon Shoppe.
  1248 | D:2      | Reached XP level 3. HP: 23/23 MP: 3/3
  1740 | D:3      | Reached skill level 4 in Armour
  1917 | D:3      | Reached XP level 4. HP: 19/28 MP: 4/4
  2120 | D:3      | Found a shimmering altar of Xom.
  2139 | D:3      | Found a shimmering blue altar of Sif Muna.
  2289 | D:3      | Found a snail-covered altar of Cheibriados.
  2356 | D:3      | Found a white marble altar of Elyvilon.
  2796 | D:4      | Reached XP level 5. HP: 7/33 MP: 5/5
  3613 | D:1      | Bought a glowing broad axe for 217 gold pieces
  3706 | D:4      | Found Sonaeh's Antique Weapon Shop.
  3729 | D:4      | Identified a scroll of acquirement
  3729 | D:4      | Acquired 860 gold pieces
  4659 | D:4      | Found a blossoming altar of Fedhas.
  4681 | D:4      | Noticed an oklob plant
  4787 | D:4      | Found an ornate altar of the Wu Jian Council.
  4813 | D:4      | Reached XP level 6. HP: 38/38 MP: 2/6
  5208 | D:5      | Entered Level 5 of the Dungeon
  5420 | D:5      | Reached skill level 5 in Armour
  5522 | D:5      | Found Gatsaix's Assorted Antiques.
  5522 | D:5      | Noticed a wyvern
  5528 | D:5      | Killed a wyvern
  5529 | D:5      | Reached XP level 7. HP: 44/44 MP: 2/7
  5539 | D:5      | Noticed a two-headed ogre
  5544 | D:5      | Slain by a two-headed ogre

Illustrated notes

Levels and vault maps discovered:
D:1:      onia_arrival_mini_maze, layout_basic,
          chequers_ecumenical_altar_island, serial_shops, shop,
          chequers_serial_rivers_marsh, minivault_5
D:2:      layout_basic
D:3:      layout_rooms, mainiacjoe_overflow_cross_hatched,
          amcnicky_altar_gilded, nicolae_sif_muna_condensation,
          elyvilon_altar_1, minmay_increasing_density
D:4:      layout_loops_cross, tgw_fedhas, nzn_wu_jian_council_hall,
          serial_shops, nicolae_square_shop, chequers_serial_rivers_small_3
D:5:      layout_cave_pools, grunt_temple_overflow_opulence, serial_shops,
          nicolae_shop_waterfront, dk_vineyard_1

Skill      XL: |  1  2  3  4  5  6 |
---------------+-------------------+-----
Axes           | 2 3 4 |  4.8
Armour         | 4 5 |  5.3
Shields        | 4 |  4.8
Fighting       | 4 |  4.4
Evocations     | |  0.4

Action                   |  1- 3 |  4- 6 |  7- 9 || total
-------------------------+-------+-------+-------++-------
Melee: War axe           |    84 |    68 |       ||   152
       Broad axe         |       |    90 |     5 ||    95
  Use: Scroll            |     1 |     4 |       ||     5
Armor: Scale mail        |    38 |    35 |       ||    73
       Chain mail        |       |    53 |       ||    53
Dodge: Dodged            |    38 |    72 |     1 ||   111
Block: Buckler           |    34 |   102 |     2 ||   138
       Reflection        |       |     4 |       ||     4

Table legend: (Time is in decaauts)
 A = Elapsed time spent in this place.
 B = Non-inter-level travel time spent in this place.
 C = Inter-level travel time spent in this place.
 D = Time resting spent in this place.
 E = Time spent auto-exploring this place.
 F = Levels seen in this place.
 G = Mean time per level.
                   A        B        C        D        E       F      G
               +--------+--------+--------+--------+--------+-----+--------+
         Total |   5666 |   5368 |    298 |   1146 |   2830 |   5 | 1133.2 |
       Dungeon |   5666 |   5368 |    298 |   1146 |   2830 |   5 | 1133.2 |
               +--------+--------+--------+--------+--------+-----+--------+

Top non-repeatable levels by time:
     D:4: 1663 daAuts
     D:3: 1531 daAuts
     D:1: 1447 daAuts
     D:2: 823 daAuts
     D:5: 200 daAuts
